 Dungeon Crawl Stone Soup version 0.21.1-1-g345015f (webtiles) character file.

3570 MajorAdolf the Insei (level 10, -5/68 HPs)
             Began as an Octopode Transmuter on Apr 6, 2018.
             Was a Follower of Dithmenos.
             Slain by a two-headed ogre
             ... wielding a +0 giant club
              (23 damage)
             ... on level 8 of the Dungeon.
             The game lasted 00:29:07 (6442 turns).

MajorAdolf the Insei (Octopode Transmuter)          Turns: 6442, Time: 00:29:08

Health: -5/68      AC:  2    Str: 10    XL:     10   Next: 9%
Magic:  13/16      EV: 24    Int: 16    God:    Dithmenos [*.....]
Gold:   318        SH:  3    Dex: 20    Spells: 7/17 levels left

rFire    + . .     SeeInvis .     - Unarmed
rCold    + . .     Gourm    .   (shield currently unavailable)
rNeg     . . .     Faith    .   (helmet currently unavailable)
rPois    .         Spirit   .   l - +3 amulet of reflection
rElec    .         Reflect  +   g - ring of poison resistance
rCorr    .         Harm     .   i - ring of protection from cold
MR       .....                  m - ring of protection from fire
Stlth    ++++......             (no ring)
HPRegen  0.21/turn              (no ring)
MPRegen  0.15/turn              (no ring)
                                (no ring)
                                (no ring)

@: spider-form, wreathed by umbra
A: tiny, almost no armour, stealthy swim, (amphibious), 8 rings, (constrict 8)
a: End Transformation, Renounce Religion


You were on level 8 of the Dungeon.
You worshipped Dithmenos.
Dithmenos was aware of your devotion.
You were not hungry.
You were a venomous arachnid creature.
You visited 2 branches of the dungeon, and saw 9 of its levels.

You collected 480 gold pieces.
You spent 162 gold pieces at shops.

Inventory:

Hand Weapons
 x - the +1 dagger of the Purse {pierce, +Inv rF- Dex+2}
   (You found it on level 6 of the Dungeon)

   It inflicts extra damage upon your enemies.
   It affects your dexterity (+2).
   It makes you vulnerable to fire.
   It lets you turn invisible.
 F - the cursed +2 halberd of Cunied (melded) {chop, Int+3}
   (You bought it in a shop on level 8 of the Dungeon)

   It inflicts extra damage upon your enemies.
   It affects your intelligence (+3).
   It has a curse placed upon it.
Missiles
 a - 72 arrows
Magical Staves
 A - an uncursed staff of air
Jewellery
 g - a ring of poison resistance (left front leg)
 i - a ring of protection from cold (right front leg)
 l - a +3 amulet of reflection (around neck)
 m - a ring of protection from fire (on tentacle)
 z - an uncursed amulet of rage {unknown}
Wands
 E - a wand of enslavement (11)
 G - a wand of iceblast (20)
Scrolls
 d - a scroll of blinking
 f - 2 scrolls of remove curse
 o - 2 scrolls of enchant weapon
 p - a scroll of teleportation {unknown}
 y - a scroll of fog {unknown}
 B - a scroll of torment {unknown}
 I - a scroll of identify
Potions
 e - 3 potions of agility
 h - 7 potions of brilliance
 j - 3 potions of might
 k - 5 potions of curing
 n - 5 potions of haste
 q - a potion of lignification
 r - 3 potions of berserk rage
 s - a potion of cancellation {unknown}
 t - 2 potions of heal wounds {unknown}
 u - a potion of flight {unknown}
 v - a potion of resistance {unknown}
 w - a potion of ambrosia
 C - a potion of invisibility {unknown}
Books
 b - a book of Changes

   Spells                             Type                      Level
   a - Beastly Appendage              Transmutation                1
   b - Sticks to Snakes               Transmutation                2
   c - Spider Form                    Transmutation/Poison         3
   d - Ice Form                       Ice/Transmutation            4
   e - Blade Hands                    Transmutation                5
 D - a book of Conjurations

   Spells                             Type                      Level
   a - Magic Dart                     Conjuration                  1
   b - Searing Ray                    Conjuration                  2
   c - Dazzling Spray                 Conjuration/Hexes            3
   d - Fulminant Prism                Conjuration/Hexes            4
   e - Force Lance                    Conjuration/Translocation    4
   f - Iskenderun's Mystic Blast      Conjuration                  4
Comestibles
 c - 11 rations
 H - a chunk of flesh


   Skills:
 + Level 5.9 Fighting
 - Level 5.0 Dodging
 - Level 5.2 Stealth
 + Level 7.2 Unarmed Combat
 - Level 4.0 Spellcasting
 + Level 6.3 Transmutations
 + Level 3.5 Ice Magic
 - Level 5.0 Poison Magic


You had 7 spell levels left.
You knew the following spells:

 Your Spells              Type           Power        Failure   Level  Hunger
a - Beastly Appendage     Tmut           ###...       6%          1    None
b - Sticks to Snakes      Tmut           ###.....     8%          2    ##.....
c - Spider Form           Tmut/Pois      ###.......   14%         3    ###....
d - Ice Form              Ice/Tmut       ###.....     43%         4    ####...


Dungeon Overview and Level Annotations

Branches:
Dungeon (8/15)             Temple (1/1) D:5
   Lair: D:8-11

Altars:
Ashenzari
Cheibriados
Dithmenos
Elyvilon
Fedhas
Hepliaklqana
Kikubaaqudgha
Makhleb
Nemelex Xobeh
Okawaru
Qazlal
Ru
Sif Muna
Trog
Uskayaw
Wu Jian
Xom
Yredelemnul
Zin
The Shining One

Shops:
D:8 (

Annotations:
D:8 1 runed door


Innate Abilities, Weirdness & Mutations

You cannot wear most types of armour.
You are very stealthy in the water. (Stealth+)
((You are amphibious.))
You can wear up to eight rings at the same time.
((You can use your tentacles to constrict eight enemies at once.))
((Your skin changes colour to match your surroundings (Stealth+).))
((Your rubbery body absorbs attacks. (AC +1, EV +1)))


Message History

Casting: Spider Form
Confirm with . or Enter, or press ? or * to list all spells.
You turn into a venomous arachnid creature.
The cursed +2 halberd of Cunied {chop, Int+3} melds into your body.
Something completely misses you.
Unknown command.
You hit the two-headed ogre.
The two-headed ogre is poisoned.
The two-headed ogre is lightly wounded.
Something hits you.
* * * LOW HITPOINT WARNING * * *
The two-headed ogre misses you.
The two-headed ogre completely misses you.
You hit the two-headed ogre but do no damage.
The two-headed ogre is lightly wounded.
Something hits you.
* * * LOW HITPOINT WARNING * * *
You hit the two-headed ogre.
The two-headed ogre is lightly wounded.
The two-headed ogre hits you with a giant club!!
You die...

#........#.# .#
##.##....#.# ..
#.##....#.#######
#.##....#.)......
#. .....#)#######
#.#.. #.#.# #.
#.#.#
#...#s#.###.#
#.....O.....#
#.###.#.#####
...#...
.......###
#####.#.# ..#.#
#...# #. .#


You could see a two-headed ogre.

Vanquished Creatures
  A two-headed ogre (D:8)
  Pikel (D:7)
  Joseph (D:7)
  A hornet (D:8)
  Sigmund (D:6)
  Edmund (D:6)
  2 slaves (D:7)
  A black bear (D:7)
  An ice beast (D:6)
  3 ogres
  A phantom (D:4)
  A centaur (D:6)
  2 bullfrogs (D:7)
  A scorpion (D:5)
  3 wights (D:8)
  A crimson imp (D:8)
  A howler monkey (D:6)
  A gnoll shaman (D:5)
  3 orc priests
  2 hounds
  3 iguanas
  A bullfrog skeleton (D:8)
  6 orc wizards
  4 worker ants
  8 gnolls
  A howler monkey skeleton (D:5)
  5 adders
  A shadow imp (D:6)
  2 oozes
  6 worms
  2 dart slugs
  6 leopard geckos
  17 orcs
  A ball python (D:3)
  4 giant cockroaches
  4 goblins
  5 hobgoblins
  9 quokkas
  5 bats
  13 frilled lizards
  2 gnoll zombies (D:4)
  4 kobolds
  A leopard gecko skeleton (D:6)
  7 rats
146 creatures vanquished.

Vanquished Creatures (collateral kills)
  A goblin (D:2)
1 creature vanquished.

Grand Total: 147 creatures vanquished

Notes
Turn   | Place    | Note
-------+----------+-------------------------------------------
     0 | D:1      | MajorAdolf the Octopode Transmuter began the quest for the Orb.
     0 | D:1      | Reached XP level 1. HP: 13/13 MP: 3/3
   354 | D:1      | Reached XP level 2. HP: 16/18 MP: 3/5
   790 | D:2      | Learned a level 2 spell: Sticks to Snakes
   849 | D:2      | Reached XP level 3. HP: 11/23 MP: 2/6
  1141 | D:2      | Found a stormy altar of Qazlal.
  1149 | D:2      | Found a glowing silver altar of Zin.
  1152 | D:2      | Found a snail-covered altar of Cheibriados.
  1323 | D:2      | Learned a level 3 spell: Spider Form
  1558 | D:3      | Reached skill level 4 in Unarmed Combat
  1558 | D:3      | Reached skill level 1 in Poison Magic
  1558 | D:3      | Reached XP level 4. HP: 28/28 MP: 1/7
  1801 | D:3      | Noticed Sigmund
  1822 | D:4      | Reached XP level 5. HP: 19/33 MP: 1/8
  2034 | D:4      | Noticed an ogre
  2040 | D:4      | Noticed a phantom
  2127 | D:4      | Killed a phantom
  2127 | D:4      | Reached XP level 6. HP: 10/39 MP: 9/9
  2404 | D:4      | Found a basalt altar of Yredelemnul.
  2985 | D:4      | Reached XP level 7. HP: 45/45 MP: 7/11
  2986 | D:4      | Reached skill level 1 in Stealth
  3099 | D:5      | Entered Level 5 of the Dungeon
  3121 | D:5      | Found a staircase to the Ecumenical Temple.
  3136 | Temple   | Entered the Ecumenical Temple
  3252 | Temple   | Became a worshipper of Dithmenos the Shadowed
  4032 | D:5      | Found an iron altar of Okawaru.
  4445 | D:6      | Noticed Edmund
  4460 | D:6      | Killed Edmund
  4481 | D:6      | Killed Sigmund
  4481 | D:6      | Reached * piety under Dithmenos
  4481 | D:6      | Reached skill level 5 in Unarmed Combat
  4481 | D:6      | Reached skill level 5 in Poison Magic
  4481 | D:6      | Reached XP level 8. HP: 41/52 MP: 6/13
  5029 | D:6      | Got a jewelled dagger
  5054 | D:6      | Identified the cursed +1 dagger of the Purse {pierce, +Inv rF- Dex+2} (You found it on level 6 of the Dungeon)
  5314 | D:7      | Found a white marble altar of Elyvilon.
  5338 | D:7      | Noticed Joseph
  5350 | D:7      | Killed Joseph
  5350 | D:7      | Reached skill level 5 in Stealth
  5350 | D:7      | Reached skill level 5 in Transmutations
  5350 | D:7      | Reached XP level 9. HP: 25/58 MP: 12/15
  5356 | D:7      | Reached skill level 6 in Unarmed Combat
  5552 | D:7      | Learned a level 4 spell: Ice Form
  5803 | D:7      | Reached skill level 5 in Dodging
  5882 | D:7      | Found a hazy altar of Hepliaklqana.
  5882 | D:7      | Noticed Pikel
  5914 | D:7      | Killed Pikel
  5914 | D:7      | Reached skill level 1 in Ice Magic
  6247 | D:8      | Found Viymudde's Antique Weapon Boutique.
  6253 | D:8      | Bought a shimmering halberd for 162 gold pieces
  6253 | D:8      | Identified the cursed +2 halberd of Cunied {chop, Int+3} (You bought it in a shop on level 8 of the Dungeon)
  6280 | D:8      | Reached skill level 5 in Fighting
  6327 | D:8      | Found a runed door.
  6335 | D:8      | Noticed a two-headed ogre
  6349 | D:8      | Killed a two-headed ogre
  6349 | D:8      | Reached skill level 7 in Unarmed Combat
  6349 | D:8      | Reached XP level 10. HP: 48/67 MP: 13/16
  6437 | D:8      | Noticed a two-headed ogre
  6442 | D:8      | Slain by a two-headed ogre

Skill      XL: |  1  2  3  4  5  6  7  8  9 |
---------------+----------------------------+-----
Unarmed Combat | 4 5 7 |  7.2
Poison Magic   | 1 3 5 |  5.0
Fighting       | 2 3 4 5 |  5.9
Transmutations | 3 4 5 6 |  6.3
Dodging        | 3 4 5 |  5.0
Stealth        | 3 5 |  5.2
Spellcasting   | 3 4 |  4.0
Ice Magic      | 3 |  3.5

Action                   |  1- 3 |  4- 6 |  7- 9 | 10-12 || total
-------------------------+-------+-------+-------+-------++-------
Melee: Unarmed           |    81 |   136 |   214 |     7 ||   438
       Constrict         |    20 |    14 |    16 |     2 ||    52
       Tentacles         |    15 |    21 |     8 |     2 ||    46
       Kick              |     7 |     6 |       |       ||    13
       Punch             |       |     1 |     2 |       ||     3
       Dagger            |       |       |     7 |       ||     7
       Halberd           |       |       |    10 |     9 ||    19
 Cast: Beastly Appendage |    21 |     5 |     1 |       ||    27
       Sticks to Snakes  |     3 |       |       |       ||     3
       Spider Form       |     3 |     8 |    21 |     2 ||    34
  Use: Scroll            |     4 |     4 |     6 |       ||    14
 Stab: Sleeping          |     6 |     5 |    11 |       ||    22
       Distracted        |       |       |       |     1 ||     1
  Eat: Chunk             |     3 |     6 |    12 |     1 ||    22
Armor: Skin              |     6 |     7 |     4 |       ||    17
Dodge: Dodged            |    45 |    82 |   168 |    17 ||   312
Block: Other             |     1 |    18 |    18 |     3 ||    40
